Map: Jagannatha LE

Players

Massa

  • Race: Terran Terran
  • League: Platinum

TERrOR - Winner!

  • Race: Protoss Protoss
  • League: Diamond

VOD

Have the link to the VOD?

Description

Time

  • Played on: April 15, 2021, 12:52 p.m.
  • Length: 12:34
Show
View Real Time Build Order
Export as new Build Order

Massa Terran 

Build Orders:  

Get SALT Encoding   

  12  0:00  SCV  
  13  0:12  SCV  
  14  0:17  Supply Depot  
  14  0:24  SCV  
  15  0:39  SCV  
  16  0:47  Barracks  
  16  0:51  Refinery  
  16  1:00  Barracks  
  17  1:04  SCV  
  17  1:16  SCV  
  18  1:30  SCV  
  19  1:36  Reaper  
  20  1:42  SCV  
  21  1:54  Reaper  
  22  2:01  Orbital Command  
  22  2:11  Reaper  
  23  2:21  Command Center  
  23  2:34  Supply Depot  
  23  2:52  SCV  
  23  2:56  Reaper  
  23  3:11  SCV  
  23  3:12  Marine  
  25  3:23  SCV  
  26  3:29  Barracks  
  26  3:30  Marine  
  26  3:31  Factory  
  27  3:35  SCV  
  27  3:37  Bunker  
  27  3:38  Orbital Command  
  28  3:47  SCV, Marine  
  30  3:51  Refinery  
  30  3:59  SCV  
  31  4:05  Marine  
  31  4:07  SCV  
  33  4:11  SCV  
  33  4:15  Factory Tech Lab  
  34  4:19  SCV  
  34  4:22  Starport  
  34  4:24  Barracks Tech Lab  
  35  4:30  Barracks Reactor  
  34  5:20  Barracks Reactor  
  34  5:21  Stimpack  
  33  5:22  Marauder, Marine x2  
  33  5:24  SCV x2  
  39  5:33  Siege Tank  
  39  5:34  Starport Reactor, Command Center  
  39  5:35  Barracks x2  
  42  5:36  SCV x2  
  42  5:40  Marine x2  
  46  5:43  Engineering Bay  
  46  5:46  Engineering Bay  
  46  5:54  Supply Depot  
  46  5:56  Supply Depot  
  46  5:59  Supply Depot  
  46  6:00  Supply Depot  
  46  6:01  Armory  
  46  6:14  Terran Infantry Weapons Level 1  
  46  6:15  SCV x2, Marine x4  
  46  6:16  Refinery, Marauder  
  46  6:18  Widow Mine  
  56  6:24  Supply Depot  
  56  6:27  SCV x2, Supply Depot  
  56  6:29  Refinery  
  56  6:30  Barracks Tech Lab  
  56  6:32  Barracks Tech Lab  
  58  6:37  Marauder  
  60  6:42  SCV x2  
  62  6:48  Marine x2  
  62  6:49  Marine x2  
  62  6:51  Combat Shield  
  62  6:54  SCV x2, Concussive Shells  
  68  6:58  Marauder  
  70  7:05  Medivac  
  72  7:09  SCV x2  
  74  7:20  Marauder  
  74  7:21  SCV x2, Marauder x2  
  82  7:22  Marine  
  82  7:23  Marine x3  
  86  7:33  Planetary Fortress  
  86  7:35  SCV x2  
  88  7:40  Marine  
  88  7:41  Marauder  
  88  7:42  Marauder x2  
  95  7:47  SCV x2  
  95  7:50  Refinery  
  97  7:54  Refinery  
  97  8:03  Marauder x2  
  97  8:04  Marauder  
  103  8:07  SCV x2  
  105  8:14  Sensor Tower  
  105  8:19  SCV x2, Terran Infantry Armor Level 1  
  107  8:20  Terran Infantry Weapons Level 2, Sensor Tower  
  107  8:21  SCV  
  108  8:39  SCV  
  109  8:45  Supply Depot  
  109  8:46  Terran Vehicle And Ship Armor Level 1, Supply Depot x2  
  109  9:01  SCV x2  
  109  9:07  SCV, Marauder x3, Marine x4, Medivac x2  
  124  9:11  Supply Depot  
  124  9:13  SCV x2  
  124  9:14  Supply Depot  
  126  9:19  SCV  
  126  9:24  Marine  
  126  9:25  SCV  
  127  10:13  Medivac x2  
  123  10:15  Marauder x3, Marine  
  123  10:16  Marine x3  
  123  10:17  SCV x3  
  123  10:21  Siege Tank  
  139  10:29  SCV x3  
  139  10:33  Marine x2  
  144  10:36  Marauder x2  
  148  10:43  Supply Depot  
  148  10:44  Supply Depot  
  148  10:45  Supply Depot x3  
  148  10:46  SCV  
  148  10:48  Supply Depot  
  149  10:51  SCV x2  
  149  10:53  Medivac  
  149  10:54  Marauder, Medivac, Siege Tank  
  140  10:58  SCV, Marauder  
  140  11:04  SCV x2  
  140  11:08  Marauder, Marine x4  
  141  11:11  Supply Depot  
  141  11:12  Supply Depot  
  141  11:13  Supply Depot  
  141  11:15  Marauder, Supply Depot  
  140  11:19  Marauder  
  137  11:33  Marauder  
  137  11:34  Marine x4  
  137  11:36  Marauder  
  143  11:40  Marauder  
  135  11:51  Marine  
  135  11:52  Marine  
  122  11:55  Marauder  
  122  11:58  Marauder  
  110  12:02  Marauder, Marine  
  107  12:09  Marine  
Show
View Real Time Build Order
Export as new Build Order

TERrOR Protoss - Winner!

Build Orders: 1 Gate Expand, Blink Stalkers 

Get SALT Encoding   

  12  0:00  Probe  
  13  0:12  Probe  
  14  0:18  Pylon  
  14  0:24  Probe  
  15  0:37  Probe (Chrono Boost), Gateway  
  16  0:47  Assimilator  
  16  0:48  Probe (Chrono Boost)  
  17  0:52  Probe (Chrono Boost)  
  18  1:03  Probe  
  19  1:15  Probe  
  20  1:23  Cybernetics Core  
  20  1:27  Probe  
  21  1:39  Nexus  
  21  1:46  Pylon  
  21  1:51  Assimilator  
  21  1:55  Probe  
  22  2:02  Stalker (Chrono Boost)  
  22  2:07  Probe  
  25  2:20  Probe  
  26  2:25  Stalker  
  28  2:35  Probe  
  29  2:41  Pylon  
  29  2:47  Probe  
  30  2:59  Probe (Chrono Boost)  
  31  3:12  Probe (Chrono Boost)  
  32  3:14  Twilight Council  
  32  3:17  Probe (Chrono Boost)  
  32  3:18  Warp Gate  
  32  3:19  Probe (Chrono Boost)  
  34  3:22  Probe (Chrono Boost)  
  34  3:26  Probe  
  35  3:31  Pylon  
  35  3:33  Probe  
  37  3:38  Probe  
  38  3:45  Probe  
  38  3:46  Blink (Chrono Boost)  
  39  3:49  Nexus  
  39  3:50  Probe  
  39  3:51  Pylon  
  40  3:57  Probe  
  40  4:02  Probe  
  42  4:03  Robotics Facility  
  42  4:09  Probe  
  43  4:13  Pylon  
  43  4:14  Probe  
  43  4:16  Assimilator  
  44  4:18  Assimilator  
  44  4:21  Probe  
  45  4:24  Pylon  
  45  4:27  Gateway  
  45  4:30  Gateway  
  45  4:36  Probe x2  
  47  4:46  Gateway  
  45  4:54  Observer  
  45  4:57  Pylon  
  46  5:03  Probe x2  
  46  5:10  Probe  
  47  5:15  Probe x2  
  47  5:18  Stalker  
  51  5:22  Probe  
  51  5:24  Forge  
  51  5:27  Probe x2, Immortal, Forge  
  58  5:34  Probe  
  59  5:39  Probe  
  59  5:40  Probe  
  59  5:42  Stalker x2  
  65  5:46  Probe  
  66  5:52  Probe x2  
  68  5:57  Zealot  
  68  5:58  Probe  
  68  5:59  Protoss Ground Weapons Level 1 (Chrono Boost), Protoss Ground Armor Level 1 (Chrono Boost)  
  68  6:04  Probe  
  72  6:05  Probe  
  72  6:10  Gateway  
  72  6:11  Probe  
  74  6:15  Assimilator  
  74  6:16  Probe  
  74  6:17  Probe, Assimilator  
  76  6:21  Templar Archives  
  76  6:23  Probe  
  76  6:24  Observer  
  78  6:28  Probe  
  78  6:29  Probe  
  80  6:35  Probe  
  81  6:40  Probe  
  81  6:41  Probe, Zealot  
  81  6:46  Zealot x3, Immortal  
  95  6:47  Probe  
  95  6:52  Probe  
  95  6:53  Probe  
  98  6:55  Robotics Facility  
  98  7:10  Gateway  
  98  7:11  Gateway  
  98  7:15  Nexus  
  98  7:16  Probe, Pylon x2  
  98  7:17  Probe, Pylon  
  100  7:25  Observer, Psionic Storm, Zealot  
  100  7:26  Zealot x2  
  100  7:27  Zealot  
  107  7:32  Pylon  
  107  7:33  Pylon  
  107  7:34  Pylon  
  107  7:44  Zealot  
  109  7:54  Protoss Ground Weapons Level 2 (Chrono Boost), Protoss Ground Armor Level 2 (Chrono Boost)  
  109  7:55  Zealot  
  111  7:58  Zealot x2  
  111  7:59  Zealot  
  111  8:02  Probe x2  
  119  8:06  Probe  
  120  8:13  Dark Shrine  
  120  8:14  Probe  
  120  8:18  Probe x2  
  123  8:20  Gateway x2  
  123  8:23  Gateway  
  123  8:26  High Templar x3  
  123  8:27  High Templar x4  
  131  8:33  Warp Prism  
  137  8:52  Shield Battery  
  137  8:53  Shield Battery  
  137  8:54  Photon Cannon  
  137  8:57  Photon Cannon, Assimilator  
  137  8:59  Assimilator  
  137  9:01  Nexus  
  137  9:03  Pylon  
  137  9:05  Shield Battery  
  137  9:06  Shield Battery  
  137  9:08  Shield Battery, Immortal  
  140  9:13  Zealot x2  
  140  9:14  Zealot x3  
  140  9:16  Zealot  
  146  9:17  Charge (Chrono Boost)  
  135  9:29  Probe x4  
  132  9:41  Probe x4  
  132  9:43  Stalker x4  
  132  9:44  Stalker  
  145  9:53  Probe x4  
  148  10:03  Stalker  
  148  10:04  Stalker x2  
  148  10:05  Probe x2  
  156  10:25  Probe x4  
  160  10:34  High Templar  
  160  10:35  High Templar x6  
  170  10:36  High Templar x2  
  170  10:39  Archon  
  170  10:40  Archon x2  
  170  10:42  Archon  
  178  10:46  Zealot  
  174  11:06  Dark Templar  
  174  11:07  Dark Templar x3  
  172  11:32  Zealot  
  162  11:33  Zealot x4  
  162  11:34  Zealot  
  158  12:01  Dark Templar x6  
  152  12:02  Dark Templar x2  
  152  12:05  Probe x5  
  159  12:10  Assimilator  
  159  12:11  Assimilator  
  155  12:17  Probe x3  
  155  12:20  Zealot  
  155  12:21  Zealot  
Tags
 
Add a new tag
Caveats
  • Supply blocks, unpowered buildings, or Contaminate may cause inaccurate times.
  • Supply counts are checked every 10 seconds.